 Dungeon Crawl Stone Soup version 0.29.0-4-gdea44cf6ec (webtiles) character file.

Game seed: 13393546074102945596

48 qw the Chopper (level 3, -5/21 HPs)
             Began as a Tengu Warper on Aug 28, 2022.
             Killed from afar by Natasha (8 damage)
             ... with a magic dart
             ... on level 2 of the Dungeon.
             The game lasted 00:00:08 (1949 turns).

qw the Chopper (Tengu Warper)                       Turns: 1949, Time: 00:00:09

Health: -5/21      AC:  6    Str: 13    XL:     3   Next: 72%
Magic:  7/7        EV:  9    Int: 13    God:
Gold:   46         SH:  0    Dex: 13    Spells: 6/6 levels left

rFire   . . .      SeeInvis .   Y - +0 hand axe
rCold   . . .      Faith    .   (no shield)
rNeg    . . .      Spirit   .   j - +0 scale mail
rPois   .          Reflect  .   (helmet restricted)
rElec   .          Harm     .   (no cloak)
rCorr   .          Rampage  .   (no gloves)
Will    .....                   (boots unavailable)
Stlth   ..........              (no amulet)
HPRegen 0.07/turn               (no ring)
MPRegen 0.10/turn               (no ring)

@: no status effects
A: beak, talons 3
a: no special abilities


You were on level 2 of the Dungeon.
You visited 1 branch of the dungeon, and saw 2 of its levels.

You collected 98 gold pieces.
You spent 52 gold pieces at shops.


Innate Abilities, Weirdness & Mutations

You have a beak for a mouth.
You have claws for feet.


   Skills:
 - Level 2.0 Fighting
 + Level 4.3 Axes
 - Level 1.0 Throwing
 - Level 1.1 Armour
 - Level 2.1 Dodging
 - Level 2.0 Spellcasting
 - Level 2.4 Translocations


You had 6 spell levels left.
You didn't know any spells.
Your spell library contained the following spells:

 Spells                   Type           Power      Damage    Failure   Level
 Blink                    Tloc           14%        N/A       56%         2
 Gell's Gravitas          Tloc           7%         N/A       80%         3
 Lesser Beckoning         Tloc           7%         N/A       80%         3
 Teleport Other           Tloc           7%         N/A       80%         3
 Manifold Assault         Tloc           7%         N/A       100%        5

Inventory:

Hand Weapons
 f - a +0 club
 Y - a +0 hand axe (weapon)
Armour
 g - a +1 ring mail of fire resistance
 j - a +0 scale mail (worn)
Jewellery
 e - a ring of willpower
Scrolls
 a - a scroll of summoning {unknown}
 i - a scroll of identify
Potions
 b - a potion of degeneration {unknown}
 c - a potion of flight {unknown}
 d - a potion of lignification {unknown}
 h - a potion of ambrosia {unknown}
 k - a potion of might

Dungeon Overview and Level Annotations

Branches:
Dungeon (2/15)

Altars:

Shops:
D:1 !

Annotations:
D:2 Natasha


Message History

You hit the goblin.
You kill the goblin!
You miss Natasha. You barely miss the shadow imp.
The shadow imp barely misses you.
Natasha mumbles some strange words.
Natasha shimmers violently.
Natasha barely misses you.
You hit the shadow imp. Your kick misses the shadow imp.
The shadow imp is severely wounded.
You hit Natasha but do no damage.
The shadow imp disappears in a puff of smoke!
Natasha closely misses you.
You barely miss Natasha. You peck Natasha, but do no damage.
Natasha is lightly wounded.
Natasha howls an incantation.
You feel troubled. Natasha claws you but does no damage.
You barely miss Natasha. You peck Natasha.
Natasha is lightly wounded.
Natasha growls.
Natasha mumbles some strange words.
You barely miss Natasha. You claw Natasha.
Natasha is heavily wounded.
Natasha claws you but does no damage.
You hit Natasha.
Natasha is almost dead.
Natasha mumbles some strange words.
You feel troubled. Natasha misses you.
You closely miss Natasha. Your peck misses Natasha.
Natasha is almost dead.
You hit the crimson imp but do no damage.
Natasha casts a spell at you. You resist with significant effort.
The crimson imp misses you.
You hit Natasha but do no damage. You peck Natasha.
Natasha is almost dead.
You closely miss the crimson imp. Natasha casts a spell at you.
The magic dart hits you!
You die...

........## ##
.....$...# ....
.......... ...
.........##.####
.........#.[#..#
..............
......5...#.#
......h@....#
.#.....#...##
#######..##
.........#
#.........# .#
##.. #.........#
.. ##...
#.........# .##
#....
#.........# ..#
#....
#.........#
#.###....


You could see Natasha and a crimson imp (summoned).

Vanquished Creatures
  An adder (D:2)
  A dart slug (D:1)
  4 ball pythons
  5 endoplasms
  A giant cockroach (D:2)
  5 goblins
  7 hobgoblins
  3 frilled lizards (D:1)
  2 kobolds (D:1)
  3 rats
32 creatures vanquished.

Notes
Turn   | Place    | Note
-------+----------+-------------------------------------------
     0 | D:1      | qw the Tengu Warper began the quest for the Orb.
     0 | D:1      | Reached XP level 1. HP: 12/12 MP: 4/4
     0 | D:1      | 0 ||| qw: Version: 0.1-a-89-g26bdef1
     0 | D:1      | 0 ||| qw: Game counter: 1308
     0 | D:1      | 0 ||| qw: Always use a shield: true
     0 | D:1      | 0 ||| qw: God list: Okawaru
     0 | D:1      | 0 ||| qw: Allow faded altars: false
     0 | D:1      | 0 ||| qw: Do Orc after D:15 true
     0 | D:1      | 0 ||| qw: Do second Lair branch before Depths: true
     0 | D:1      | 0 ||| qw: Lair rune preference: random
     0 | D:1      | 0 ||| qw: Plans: Normal
     0 | D:1      | 0 ||| PLANNING D:1-11
    71 | D:1      | Found a faded altar of an unknown god.
   263 | D:1      | Reached skill level 3 in Axes
   263 | D:1      | Reached XP level 2. HP: 17/17 MP: 6/6
   405 | D:1      | 405 ||| Stepping ~*~*~tactically~*~*~ (stealth).
   407 | D:1      | 407 ||| Stepping ~*~*~tactically~*~*~ (stealth).
   409 | D:1      | 409 ||| Stepping ~*~*~tactically~*~*~ (stealth).
   776 | D:1      | Found Vuyxta's Distillery.
   784 | D:1      | 784 ||| SHOPLISTING potion of cancellation (104 gold, have
                  | 52).
   784 | D:1      | 784 ||| SHOPLISTING potion of haste (130 gold, have 52).
   784 | D:1      | 784 ||| BUYING potion of might (52 gold).
   784 | D:1      | Bought a potion of might for 52 gold pieces
   933 | D:1      | 933 ||| Stepping ~*~*~tactically~*~*~ (hiding).
  1124 | D:1      | Reached XP level 3. HP: 21/21 MP: 7/7
  1307 | D:1      | 1307 ||| UPGRADING to +0 scale mail.
  1317 | D:1      | 1317 ||| DROPPING +0 leather armour.
  1318 | D:1      | 1318 ||| READING scroll labelled YPOOLL APPANT.
  1419 | D:1      | 1419 ||| READING scroll labelled AJIOQA JYCIEDGH.
  1420 | D:1      | 1420 ||| READING scroll labelled LUSOIW JE KOT.
  1421 | D:1      | 1421 ||| READING 2 scrolls labelled SASEYLL IWNI.
  1422 | D:1      | 1422 ||| READING scroll labelled RAINAI IPAMEX.
  1423 | D:1      | 1423 ||| DROPPING scroll of blinking.
  1445 | D:2      | 1445 ||| STAIRDANCE
  1533 | D:2      | 1533 ||| Stepping ~*~*~tactically~*~*~ (stealth).
  1535 | D:2      | 1535 ||| Stepping ~*~*~tactically~*~*~ (stealth).
  1585 | D:2      | Reached skill level 4 in Axes
  1934 | D:2      | Noticed Natasha
  1941 | D:2      | HP: 2/21 [Natasha (8)]
  1949 | D:2      | Killed from afar by Natasha

Levels and vault maps discovered:
D:1:      mrwooster_arrival_arrow, layout_loops_corners, serial_shops,
          nicolae_square_shop, hellmonk_ecumenical_altar_zigzags, st_stairs_4
D:2:      layout_rooms, minmay_misc_feat_encased, grunt_ministairs_15,
          nicolae_concentric_dashed_squares_mild, uniq_natasha, uniq_robin

Skill      XL: |  1  2  3 |
---------------+----------+-----
Axes           | 3 4 |  4.3
Fighting       | |  2.0
Throwing       | |  1.0
Armour         | |  1.1
Dodging        | |  2.1
Spellcasting   | |  2.0
Translocations | |  2.4

Action                   || total
-------------------------++-------
Melee: Hand axe          ||    82
       Peck              ||    15
       Kick              ||    14
Throw: Boomerang         ||     7
  Use: Scroll            ||     5
Armor: Leather armour    ||     4
       Scale mail        ||    14
Dodge: Dodged            ||    38

Table legend:
 A = Non-vault XP
 B = Vault XP
 C = Vault XP percentage of total XP
 D = Non-vault monster count
 E = Vault monster count
 F = Vault count percentage of total count
                 A         B        C        D         E       F
            +---------+---------+-------+---------+---------+-------
      Total |      63 |       6 |   8.7 |      28 |       4 |  12.5
            +---------+---------+-------+---------+---------+-------
        D:1 |      34 |       3 |   8.1 |      19 |       2 |   9.5
        D:2 |      29 |       3 |   9.4 |       9 |       2 |  18.2
            +---------+---------+-------+---------+---------+-------
